 Dungeon Crawl Stone Soup version 0.29.1-4-g47bece8355 (webtiles) character file.

Game seed: 1179491182421244175

7 Descartes the Vexing (level 1, 0/10 HPs)
             Began as a Deep Elf Wanderer on Dec 3, 2022.
             Slain by a hobgoblin (1 damage)
             ... on level 1 of the Dungeon.
             The game lasted 00:00:29 (182 turns).

Descartes the Vexing (Deep Elf Wanderer)             Turns: 182, Time: 00:00:30

Health: 0/10       AC:  2    Str: 11    XL:     1   Next: 91%
Magic:  5/5        EV: 12    Int: 15    God:
Gold:   9          SH:  0    Dex: 13    Spells: 2/3 levels left

rFire   . . .      SeeInvis .   a - +2 hand axe
rCold   . . .      Faith    .   (no shield)
rNeg    . . .      Spirit   .   d - +0 robe
rPois   .          Reflect  .   (no helmet)
rElec   .          Harm     .   (no cloak)
rCorr   .          Rampage  .   (no gloves)
Will    .....                   (no boots)
Stlth   +.........              (no amulet)
HPRegen 0.03/turn               (no ring)
MPRegen 0.09/turn               (no ring)

@: no status effects
A: no striking features
a: no special abilities


You were on level 1 of the Dungeon.
You visited 1 branch of the dungeon, and saw 1 of its levels.

You collected 9 gold pieces.

Inventory:

Hand Weapons
 a - a +2 hand axe (weapon)
Armour
 d - a +0 robe (worn)
Wands
 b - a wand of flame (7)
Scrolls
 e - a scroll of teleportation {unknown}
Potions
 c - a potion of curing
 f - a potion of invisibility {unknown}


   Skills:
 - Level 2.4 Axes
 - Level 1.0 Armour
 + Level 1.5 Dodging
 + Level 0.7 Stealth
 + Level 1.8 Spellcasting
 + Level 4.1 Hexes
 + Level 1.3 Evocations


You had 2 spell levels left.
You knew the following spells:

 Your Spells              Type           Power      Damage    Failure   Level
a - Slow                  Hex            52%        N/A       4%          1

Your spell library contained the following spells:

 Spells                   Type           Power      Damage    Failure   Level
 Inner Flame              Hex/Fire       7%         N/A       28%         3


Dungeon Overview and Level Annotations

Branches:
Dungeon (1/15)

Altars:


Message History

An endoplasm is nearby!
A jackal comes into view.
Found a sling.
A jackal comes into view.
The jackal barks!
A jackal comes into view.
The endoplasm falls through a shaft!
The shaft crumbles and collapses.
A hobgoblin comes into view.
The jackal bites you but does no damage.
You hit the jackal but do no damage. The jackal completely misses you.
You hit the jackal.
You kill the jackal!
You hit the jackal.
The jackal is severely wounded.
The jackal closely misses you. The hobgoblin hits you.
Ouch! That really hurt!
The jackal barely misses you.
You are too injured to fight recklessly!
You are too injured to fight recklessly!
You are too injured to fight recklessly!
You are too injured to fight recklessly!
You are too injured to fight recklessly!
You are too injured to fight recklessly!
You are too injured to fight recklessly!
You are too injured to fight recklessly!
You are too injured to fight recklessly!
You are too injured to fight recklessly!
You are too injured to fight recklessly!
You are too injured to fight recklessly!
Unknown command.
You are too injured to fight recklessly!
Unknown command.
You closely miss the jackal. You punch the jackal.
You kill the jackal!
You closely miss the hobgoblin.
A hobgoblin comes into view.
The hobgoblin hits you.
* * * LOW HITPOINT WARNING * * *
Found 10 gold pieces.
The hobgoblin hits you.
You die...

######.....#
...........#
...........#
....)......######
.................
#.............#
..g....g......#
.......@......#
......###.....#
.h... #.....#
.... #.....#####
.$. #.....†...#
.. #.........# #
##.....†..#
#........#
##########


You could see a jackal (wandering) and 2 hobgoblins.

Vanquished Creatures
  An endoplasm (D:1)
  A giant cockroach (D:1)
  2 jackals (D:1)
  A quokka (D:1)
  A bat (D:1)
6 creatures vanquished.

Notes
Turn   | Place    | Note
-------+----------+-------------------------------------------
     0 | D:1      | Descartes the Deep Elf Wanderer began the quest for the
                  | Orb.
     0 | D:1      | Descartes set off with the following items: a +2 hand axe,
                  | a wand of flame (7), a potion of curing, a +0 robe; and the
                  | following spell memorised: Slow; and the following spells
                  | available to memorise: Inner Flame.
     0 | D:1      | Reached XP level 1. HP: 10/10 MP: 5/5
   182 | D:1      | Slain by a hobgoblin

Illustrated notes

Levels and vault maps discovered:
D:1:      elethiomel_arrival_fortress_basement, layout_basic,
          nicolae_figureground_pulse

Action                   || total
-------------------------++-------
Melee: Hand axe          ||    12
       Punch             ||     1
Armor: Robe              ||     2
Dodge: Dodged            ||    13
